 Dungeon Crawl Stone Soup version 0.27.0-1-g7a089689b8 (webtiles) character file.

Game seed: 13870459109707301196

4053 Acheron the Grappler (level 10, 0/91 HPs)
             Began as a Troll Conjurer on Aug 15, 2021.
             Was a Follower of the Shining One.
             Slain by a komodo dragon (26 damage)
             ... on level 9 of the Dungeon.
             The game lasted 00:42:03 (4795 turns).

Acheron the Grappler (Troll Conjurer)               Turns: 4795, Time: 00:42:03

Health: 0/91       AC: 11    Str: 17    XL:     10   Next: 4%
Magic:  11/11      EV:  9    Int: 14    God:    the Shining One [*.....]
Gold:   262        SH:  9    Dex: 11    Spells: 5/12 levels left

rFire    + . .     SeeInvis .     - Unarmed
rCold    . . .     Faith    .   d - +1 kite shield
rNeg     . . .     Spirit   .   w - +0 steam dragon scales
rPois    .         Reflect  .   (helmet restricted)
rElec    .         Harm     .   (no cloak)
rCorr    .         Rampage  .   (gloves unavailable)
Will     .....                  (boots unavailable)
Stlth    +.........             (no amulet)
HPRegen  1.25/turn              k - +4 ring of protection
MPRegen  0.12/turn              i - ring of protection from fire

@: glowing
A: large, unfitting armour, claws 3, regeneration 1, shaggy fur 1, tough skin 1
a: Renounce Religion


You were on level 9 of the Dungeon.
You worshipped the Shining One.
The Shining One was aware of your devotion.
You visited 2 branches of the dungeon, and saw 11 of its levels.

You collected 316 gold pieces.
You spent 54 gold pieces at shops.

Inventory:

Hand Weapons
 n - a +0 war axe
Missiles
 e - 45 poisoned darts
 h - 4 boomerangs
Armour
 d - a +1 kite shield (worn)
 w - +0 steam dragon scales (worn)
Jewellery
 f - a ring of ice
 g - a ring of wizardry
 i - a ring of protection from fire (right claw)
 k - a +4 ring of protection (left claw)
 m - a ring of willpower
 o - a ring of fire
 y - a ring of fire
Wands
 q - a wand of flame (29)
 t - a wand of iceblast (8)
 A - a wand of paralysis (6)
Scrolls
 a - a scroll of amnesia {unknown}
 c - a scroll of enchant weapon
 j - 2 scrolls of enchant armour
 z - 2 scrolls of identify
Potions
 b - 2 potions of lignification
 l - 2 potions of cancellation
 r - a potion of invisibility
 s - a potion of flight
 u - a potion of mutation
 v - 3 potions of curing
 x - a potion of might


   Skills:
 * Level 3.1 Fighting
 * Level 3.3 Throwing
 * Level 4.6 Dodging
 + Level 1.5 Stealth
 * Level 2.9 Shields
 + Level 9.2 Unarmed Combat
 + Level 1.5 Spellcasting
 + Level 4.0 Conjurations
 + Level 1.8 Translocations
 * Level 2.8 Invocations
 * Level 1.9 Evocations


You had 5 spell levels left.
You knew the following spells:

 Your Spells              Type           Power      Damage    Failure   Level
a - Magic Dart            Conj           48%        1d5       17%         1
b - Searing Ray           Conj           24%        3d4       26%         2
c - Iskenderun's Mystic   Conj/Tloc      9%         2d4       95%         4

Your spell library contained the following spells:

 Spells                   Type           Power      Damage    Failure   Level
 Dazzling Flash           Conj/Hex       12%        N/A       75%         3
 Fulminant Prism          Conj/Hex       3%         3d6       98%         4
 Dispel Undead            Necr           1%         3d6       100%        4
 Yara's Violent Unravell  Hex/Tmut       0%         3d3       100%        5


Dungeon Overview and Level Annotations

Branches:
Dungeon (10/15)            Temple (1/1) D:7
   Lair: D:8-11         Orc: D:9-12

Altars:
Ashenzari
Cheibriados
Dithmenos
Elyvilon
Fedhas
Hepliaklqana
Makhleb
Nemelex Xobeh
Okawaru
Qazlal
Sif Muna
Trog
Uskayaw
Vehumet
Xom
Yredelemnul
Zin
The Shining One

Shops:
D:1 *   D:5 *

Annotations:
D:2 Sigmund
D:7 exclusion: downstairs
D:8 Erica


Innate Abilities, Weirdness & Mutations

You are too large for most types of armour.
You have claws for hands.
Your natural rate of healing is unusually fast.
You are covered in fur. (AC +1)
You have tough skin. (AC +1)


Message History

The electric eel shoots out a bolt of lightning at you!
The bolt of electricity hits you!
The electric eel shoots out a bolt of lightning at you!
The bolt of electricity hits you.
The electric eel shoots out a bolt of lightning at you!
The bolt of electricity hits you!
There is a stone staircase leading down here.
The orc warrior shouts!
A komodo dragon comes into view.
The komodo dragon moves out of view.
The orc shouts!
The orc warrior zaps a wand.
The bolt of acid hits you!
You are splashed with acid!
You scratch the orc warrior but do no damage.
You block the orc warrior's attack. You block the komodo dragon's attack.
You claw the orc warrior!
The orc warrior is heavily wounded.
The orc warrior barely misses you. You block the komodo dragon's attack.
You scratch the orc warrior.
The orc warrior is heavily wounded.
The orc warrior hits you with a +0 hand axe!
The electric eel shoots out a bolt of lightning at you!
The bolt of electricity hits you! The komodo dragon bites you!
You scratch the orc warrior but do no damage.
The orc warrior is heavily wounded.
The orc warrior closely misses you. The komodo dragon closely misses you.
You claw the orc warrior!
The orc warrior is almost dead.
You block the orc warrior's attack. The komodo dragon bites you.
The electric eel shoots out a bolt of lightning at you!
The bolt of electricity hits the orc!
The orc dies!
The bolt of electricity hits you!
* * * LOW HITPOINT WARNING * * *
You scratch the orc warrior.
The orc warrior is almost dead.
The orc warrior hits you with a +0 hand axe.
* * * LOW HITPOINT WARNING * * *
The komodo dragon bites you!!
You die...

###### #..##########
#....##########..#.........
#............##..#.........
#............#...#.........
#.........................[
######....####.###....##.###≈≈≈≈
#.............>..........[......
#.####........#o##.<..#≈.≈#≈.≈≈.
#.# #.[.......@##....≈≈.≈≈#.≈≈.
#.# #........)l##....o≈.≈≈≈.≈≈.
#.# #....###..o##....≈≈.≈≈≈.#≈.
#.# #.................o.........
#.# #.....#≈###.##.#...≈........
#.# #.....;≈≈ #........#.###.###
#.# ...##≈≈ ≈###...............
#.##...#≈≈≈≈≈# #.......#.##. ...
#.# #≈≈≈. ###.#...#.# ..


You could see a komodo dragon, an orc warrior, an electric eel and an orc.

Vanquished Creatures
  Harold (D:8)
  A boulder beetle (D:8)
  Joseph (D:7)
  Maggie (D:8)
  A shadow (D:7)
  5 yaks (D:9)
  A water moccasin (D:7)
  A centaur (D:7)
  A phantom (D:5)
  A kobold brigand (D:9)
  A bullfrog (D:8)
  2 scorpions (D:4)
  A water moccasin zombie (D:5)
  2 electric eels
  3 jellies
  4 hounds
  An orc priest (D:7)
  2 bullfrog skeletons
  2 iguanas
  2 orc wizards
  2 howler monkey zombies (D:5)
  4 gnolls
  A howler monkey skeleton (D:5)
  8 adders
  3 shadow imps
  A dart slug (D:1)
  10 orcs
  6 ball pythons
  2 endoplasms (D:4)
  5 giant cockroaches (D:1)
  7 goblins
  6 hobgoblins
  3 jackals (D:1)
  2 quokkas (D:4)
  4 bats
  2 frilled lizards (D:1)
  4 kobolds
  5 rats
109 creatures vanquished.

Vanquished Creatures (others)
  An orc (D:9)
1 creature vanquished.

Grand Total: 110 creatures vanquished

Notes
Turn   | Place    | Note
-------+----------+-------------------------------------------
     0 | D:1      | Acheron the Troll Conjurer began the quest for the Orb.
     0 | D:1      | Reached XP level 1. HP: 16/16 MP: 1/1
    99 | D:1      | Reached XP level 2. HP: 22/26 MP: 2/2
   210 | D:1      | Found Noffetit's General Store.
   379 | D:1      | Reached skill level 1 in Unarmed Combat
   383 | D:1      | Reached XP level 3. HP: 32/32 MP: 0/3
   825 | D:2      | Noticed Sigmund
   957 | D:3      | Reached XP level 4. HP: 28/40 MP: 4/4
  1205 | D:4      | Reached skill level 1 in Throwing
  1205 | D:4      | Reached skill level 2 in Unarmed Combat
  1503 | D:4      | Reached XP level 5. HP: 46/46 MP: 5/5
  1936 | D:4      | Reached skill level 1 in Fighting
  1936 | D:4      | Reached skill level 1 in Shields
  1989 | D:5      | Entered Level 5 of the Dungeon
  2017 | D:4      | Reached skill level 3 in Unarmed Combat
  2017 | D:4      | Reached XP level 6. HP: 47/55 MP: 7/7
  2160 | D:5      | Reached skill level 4 in Unarmed Combat
  2289 | D:5      | Reached XP level 7. HP: 60/62 MP: 8/8
  2306 | D:5      | Found Vaplyenn's Assorted Antiques.
  2321 | D:5      | Bought a bubbling ruby potion for 18 gold pieces
  2321 | D:5      | Bought a smoky pink potion for 18 gold pieces
  2321 | D:5      | Bought a fuming coppery potion for 18 gold pieces
  2471 | D:5      | Identified the +1 leather armour "Qeirphai" {Will++ rCorr
                  | Dex+4}
  2623 | D:7      | Found a staircase to the Ecumenical Temple.
  2653 | Temple   | Entered the Ecumenical Temple
  2764 | Temple   | Became a worshipper of the Shining One
  2808 | D:7      | Got Cigotuvi's Collected Works on Mutagenic Necromancy
  2812 | D:7      | Learned a level 2 spell: Searing Ray
  2817 | D:7      | Learned a level 4 spell: Iskenderun's Mystic Blast
  2854 | D:7      | Noticed a shadow
  2858 | D:7      | Reached skill level 5 in Unarmed Combat
  2887 | D:7      | Killed a shadow
  3080 | D:8      | Noticed a boulder beetle
  3113 | D:8      | Reached XP level 8. HP: 64/70 MP: 9/9
  3207 | D:8      | Noticed a manticore
  3208 | D:8      | Noticed a deep elf pyromancer
  3209 | D:8      | Noticed a four-headed hydra
  3210 | D:8      | Identified the +10 arbalest "Mud Duhunass" {penet, rPois
                  | rF++ Str-3 Int+2}
  3249 | D:8      | Killed a boulder beetle
  3250 | D:8      | Reached skill level 7 in Unarmed Combat
  3250 | D:8      | Reached skill level 1 in Translocations
  3250 | D:8      | Reached skill level 1 in Invocations
  3424 | D:8      | Noticed Maggie
  3437 | D:8      | Killed Maggie
  3438 | D:8      | Reached skill level 1 in Evocations
  3438 | D:8      | Reached XP level 9. HP: 61/79 MP: 10/10
  3721 | D:7      | Noticed Joseph
  3738 | D:7      | Killed Joseph
  3812 | D:7      | Found an iron altar of Okawaru.
  3820 | D:7      | Found a glowing silver altar of Zin.
  4028 | D:6      | Reached * piety under the Shining One
  4260 | D:9      | Noticed Harold
  4274 | D:8      | Killed Harold
  4275 | D:8      | Reached skill level 8 in Unarmed Combat
  4277 | D:8      | Noticed Erica
  4547 | D:10     | Entered Level 10 of the Dungeon
  4680 | D:9      | Reached skill level 9 in Unarmed Combat
  4681 | D:9      | Reached XP level 10. HP: 42/91 MP: 11/11
  4795 | D:9      | Slain by a komodo dragon

Illustrated notes

Levels and vault maps discovered:
D:1:      lemuel_arrival_room, layout_rooms, serial_shops,
          nicolae_shop_behind_doors, serial_park_tiny_1,
          chequers_serial_rivers_micro_d, st_stairs_1, grunt_decor_one_mirror
D:2:      layout_basic, uniq_sigmund
D:3:      layout_basic
D:4:      layout_loops_corners
D:5:      layout_rooms, serial_shops, nicolae_diamond_shop
D:6:      layout_cave_pools, nicolae_overflow_quartered_altars,
          dk_noncrumbling_4
D:7:      layout_rooms, mainiacjoe_overflow_large_starburst, temple_green,
          water_maze_lemuel, uniq_joseph
D:8:      layout_basic, roderic_serpentine_path, minmay_misc_feat_alley,
          minmay_radiant, uniq_erica, uniq_maggie
D:9:      layout_basic, serial_glass, glass_columns_a, glass_columns_a,
          uniq_harold
D:10:     gammafunk_beogh_shrine, layout_loops_cross, hangedman_misty_isle
Temple:   compressed_dpeg_circular_temple

Skill      XL: |  1  2  3  4  5  6  7  8  9 |
---------------+----------------------------+-----
Conjurations   | 3 4 |  4.0
Dodging        | 2 3 4 |  4.6
Unarmed Combat | 1 2 3 4 5 7 9 |  9.2
Throwing       | 1 2 3 |  3.3
Fighting       | 1 2 3 |  3.1
Shields        | 1 2 |  2.9
Translocations | 1 |  1.8
Invocations    | 1 2 |  2.8
Evocations     | 1 |  1.9
Stealth        | |  1.5
Spellcasting   | |  1.5

Action                   |  1- 3 |  4- 6 |  7- 9 | 10-12 || total
-------------------------+-------+-------+-------+-------++-------
Melee: Unarmed           |   144 |   162 |   236 |     9 ||   551
       Punch             |       |     3 |     6 |       ||     9
Throw: Dart              |       |       |     3 |       ||     3
 Cast: Magic Dart        |     9 |       |       |       ||     9
Evoke: Wand              |       |       |     1 |       ||     1
  Use: Scroll            |       |    10 |    13 |       ||    23
       Potion            |       |       |     2 |       ||     2
 Stab: Sleeping          |     1 |       |       |       ||     1
Armor: Robe              |    67 |    71 |    45 |       ||   183
       Steam dragon scal |       |       |    25 |       ||    25
Dodge: Dodged            |    93 |    76 |    76 |     3 ||   248
Block: Kite shield       |       |       |    16 |     5 ||    21
